 Dungeon Crawl Stone Soup version 0.31-a0-246-g8cbcc1cb85 (webtiles) character file.

Game seed: 799001368716221064

27 Anon1729 the Trooper (level 2, 0/27 HPs)
             Began as a Minotaur Monk on July 12, 2023.
             Succumbed to a goblin's poison
             ... on level 2 of the Dungeon.
             The game lasted 00:00:29 (458 turns).

Anon1729 the Trooper (Minotaur Monk)                 Turns: 458, Time: 00:00:30

Health: 0/27       AC:  2    Str: 15    XL:     2   Next: 93%
Magic:  1/1        EV: 13    Int:  7    God:
Gold:   32         SH:  0    Dex: 12    Spells: 1/1 levels left

rFire   . . .        a - +0 short sword
rCold   . . .        d - orb {light}
rNeg    . . .        b - +0 robe
rPois   .            (helmet restricted)
rElec   .            (no cloak)
rCorr   .            (no gloves)
SInv    .            (no boots)
Will    .....        (no amulet)
Stlth   +            (no ring)
HPRegen 0.24/turn    (no ring)
MPRegen 0.07/turn

%: no passive effects
@: lethally poisoned (0 -> -6), glowing
A: horns 2, retaliatory headbutt
a: no special abilities


You were on level 2 of the Dungeon.
You visited 1 branch of the dungeon, and saw 2 of its levels.

You collected 32 gold pieces.

Inventory:

Hand Weapons
 a - a +0 short sword (weapon)
Armour
 b - a +0 robe (worn)
 d - an orb of light (worn)
Scrolls
 f - a scroll of amnesia {unknown}
Potions
 c - a potion of ambrosia
 e - a potion of degeneration {unknown}
 g - a potion of magic {unknown}


   Skills:
 + Level 3.9 Fighting
 + Level 3.5 Short Blades
 + Level 1.0 Armour
 + Level 3.4 Dodging
 + Level 0.7 Stealth
 + Level 0.8 Invocations


You had one spell level left.
You didn't know any spells.
Your spell library was empty.

Dungeon Overview and Level Annotations

Branches:
Dungeon (2/15)

Altars:


Innate Abilities, Weirdness & Mutations

You have a pair of horns on your head.
You reflexively headbutt those who attack you in melee.


Message History

A goblin comes into view. It is wielding a +1 dagger of venom.
Found a shiny scale mail.
The goblin shouts!
An iguana comes into view.
The iguana hisses angrily.
The hobgoblin closely misses you. You furiously retaliate!
You headbutt the hobgoblin. You hit the hobgoblin but do no damage.
You headbutt the hobgoblin.
The hobgoblin is almost dead.
The hobgoblin closely misses you.
You hit the hobgoblin.
You kill the hobgoblin!
Found an opal ring.
The iguana hisses menacingly.
The iguana bites you!
You hit the iguana but do no damage. The iguana bites you!
You are too injured to fight recklessly!
You are too injured to fight recklessly!
You are too injured to fight recklessly!
You are too injured to fight recklessly!
You are too injured to fight recklessly!
You are too injured to fight recklessly!
You are too injured to fight recklessly!
You are too injured to fight recklessly!
You are too injured to fight recklessly!
You are too injured to fight recklessly!
You are too injured to fight recklessly!
You are too injured to fight recklessly!
You are too injured to fight recklessly!
You are too injured to fight recklessly!
You are too injured to fight recklessly!
You are too injured to fight recklessly!
You are too injured to fight recklessly!
The iguana attacks as you move away! The iguana closely misses you.
The goblin hits you but does no damage.
You are poisoned.
The iguana attacks as you move away! The iguana bites you!
* * * LOW HITPOINT WARNING * * *
Found a stone staircase leading up.
You die...

..# #.# <...######
#.# ........# #.#
........####.# #.
#...........# #.
#......###..#######
..#......# #.<†.....#
###
#.#......########.#..
....#.#...@......#
........l....###....
.........g...# ##
.=...........#
........†<....[..
...........###...#
............. ....
.....)...#.### ###
............


You could see an iguana and a goblin.

Vanquished Creatures
  A dart slug (D:1)
  3 ball pythons (D:1)
  A bat (D:1)
  3 endoplasms (D:1)
  3 hobgoblins
  3 jackals (D:1)
  3 quokkas (D:1)
  A frilled lizard (D:1)
  A kobold (D:1)
  3 rats (D:1)
22 creatures vanquished.

Notes
Turn   | Place    | Note
-------+----------+-------------------------------------------
     0 | D:1      | Anon1729 the Minotaur Monk began the quest for the Orb.
     0 | D:1      | Reached XP level 1. HP: 19/19 MP: 0/0
    84 | D:1      | Reached XP level 2. HP: 26/27 MP: 1/1
   277 | D:1      | Reached skill level 1 in Armour
   458 | D:2      | Succumbed to a goblin's poison

Illustrated notes

Levels and vault maps discovered:
D:1:      scummos_arrival_star, layout_rooms
D:2:      layout_rooms, uniq_sigmund

Skill      XL: |  1  2 |
---------------+-------+-----
Armour         | 1 |  1.0
Fighting       | |  3.9
Short Blades   | |  3.5
Dodging        | |  3.4
Stealth        | |  0.7
Invocations    | |  0.8

Action                     || total
---------------------------++-------
  Melee: Short sword       ||    56
         Headbutt          ||    14
 Armour: Robe              ||     7
  Dodge: Dodged            ||    42

Table legend: (Time is in decaauts)
 A = Elapsed time spent in this place.
 B = Non-inter-level travel time spent in this place.
 C = Inter-level travel time spent in this place.
 D = Time resting spent in this place.
 E = Time spent auto-exploring this place.
 F = Levels seen in this place.
 G = Mean time per level.
                   A        B        C        D        E       F      G
               +--------+--------+--------+--------+--------+-----+--------+
         Total |    448 |    433 |     15 |      0 |    322 |   2 |  224.0 |
       Dungeon |    448 |    433 |     15 |      0 |    322 |   2 |  224.0 |
               +--------+--------+--------+--------+--------+-----+--------+

Top non-repeatable levels by time:
     D:1: 426 daAuts
     D:2: 22 daAuts
